 Dungeon Crawl Stone Soup version 0.31-a0-1206-g41278d8d1d (webtiles) character file.

Game seed: 10343092472489901735

155 Daunt the Stinger (level 5, -7/40 HPs)
             Began as a Draconian Venom Mage on Dec 14, 2023.
             Mangled by an orc priest
             ... wielding a +0 flail
              (8 damage)
             ... on level 4 of the Dungeon.
             The game lasted 00:11:20 (3023 turns).

Daunt the Stinger (Draconian Venom Mage)            Turns: 3023, Time: 00:11:20

Health: -7/40      AC:  5    Str: 10    XL:     5   Next: 14%
Magic:  1/10       EV: 12    Int: 18    God:
Gold:   84         SH:  0    Dex: 11    Spells: 7/10 levels left

rFire   . . .        j - staff of poison
rCold   . . .        (no shield)
rNeg    . . .        (body armour unavailable)
rPois   +            (helmet restricted)
rElec   .            (no cloak)
rCorr   .            (no gloves)
SInv    .            (no boots)
Will    .....        f - amulet of the acrobat
Stlth   ++           (no ring)
HPRegen 0.26/turn    (no ring)
MPRegen 0.12/turn

%: acrobat
@: no status effects
A: AC +5, unfitting armour, cold-blooded
a: no special abilities


You were on level 4 of the Dungeon.
You visited 1 branch of the dungeon, and saw 4 of its levels.

You collected 84 gold pieces.

Inventory:

Hand Weapons
 b - a +0 club
Missiles
 c - 6 boomerangs
 e - 35 stones
 g - 3 poisoned darts
Armour
 s - a +0 buckler
Magical Staves
 j - a staff of poison (weapon)
Jewellery
 f - an amulet of the acrobat (around neck)
Talismans
 r - a blade talisman
Scrolls
 m - 2 scrolls of identify {unknown}
 n - a scroll of enchant weapon {unknown}
 o - a scroll of torment {unknown}
 p - a scroll of teleportation {unknown}
 q - a scroll of enchant armour {unknown}
Potions
 a - a potion of lignification {unknown}
 d - 2 potions of resistance {unknown}
 h - a potion of curing {unknown}
 i - a potion of attraction {unknown}
 k - a potion of heal wounds {unknown}
 l - a potion of haste {unknown}


   Skills:
 + Level 1.3 Fighting
 - Level 1.7 Dodging
 - Level 2.0 Stealth
 + Level 3.4 Spellcasting
 + Level 1.7 Transmutations
 + Level 4.3 Poison Magic


You had 7 spell levels left.
You knew the following spells:

 Your Spells              Type           Power      Damage    Failure   Level
a - Sting                 Tmut/Pois      84%        1d7       4%          1
v - Poisonous Vapours     Pois/Air       32%        N/A       10%         2

Your spell library contained the following spells:

 Spells                   Type           Power      Damage    Failure   Level
 Mephitic Cloud           Conj/Pois/Air  12%        N/A       26%         3
 Olgreb's Toxic Radiance  Pois           28%        N/A       26%         4


Dungeon Overview and Level Annotations

Branches:
Dungeon (4/15) Zot: 20948
 Temple: D:4-7

Altars:

Shops:
D:2 (

Annotations:
D:3 3 runed translucent doors, Phlounder's ghost, amateur DjIE


Innate Abilities, Weirdness & Mutations

Your plain brown scales are hard. (AC +5)
You cannot fit into any form of body armour.
You are cold-blooded and may be slowed by cold attacks.


Message History

Beogh smites you!
Unknown command.
Unknown command.
You feel a surge of power!
The sting hits the orc priest but does no damage.
The orc priest is poisoned.
The orc priest is almost dead.
The orc priest miscasts a cantrip.
Unknown command.
Unknown command.
You hit the orc priest.
The orc priest is almost dead.
You kill the orc priest!
Your magical contamination has completely faded away.
You have reached level 5!
Unknown command.
Unknown command.
Okay, then.
Unknown command.
Unknown command.
Unknown command.
You closely miss the orc priest.
Your tail-slap misses the orc priest.
The orc priest is moderately wounded.
You hit the orc priest.
You envenom the orc priest.
The orc priest is poisoned.
The orc priest is severely wounded.
The orc priest looks satisfied for a moment.
The orc priest hits you with a +0 flail.
The orc priest mumbles some strange prayers to Beogh against you.
Beogh smites you!
* * * LOW HITPOINT WARNING * * *
The orc priest hits you with a +0 flail.
* * * LOW HITPOINT WARNING * * *
Unknown command.
Unknown command.
Unknown command.
You closely miss the orc priest.
You tail-slap the orc priest, but do no damage.
The orc priest is severely wounded.
The orc priest hits you with a +0 flail!
You die...

...# ....... ....
....... ...>. .......
#.........## o......
#..........## .......
............# o......
#.[.........#####.o.....
#.>........@#.oo.....#
#..........oo####.####
#...........# #
#..........#
##.........# ##......###
##..#### #.## ##.#


You could see 2 orc priests.

Vanquished Creatures
  An orc priest (D:4)
  4 adders
  A worm (D:3)
  2 dart slugs
  An orc (D:3)
  9 ball pythons
  5 bats
  15 endoplasms
  5 giant cockroaches
  2 goblins (D:1)
  6 hobgoblins
  5 jackals (D:1)
  A quokka (D:1)
  3 frilled lizards
  7 kobolds
  7 rats
74 creatures vanquished.

Notes
Turn   | Place    | Note
-------+----------+-------------------------------------------
     0 | D:1      | Daunt the Draconian Venom Mage began the quest for the Orb.
     0 | D:1      | Reached XP level 1. HP: 14/14 MP: 3/3
   205 | D:1      | Reached XP level 2. HP: 20/20 MP: 0/5
   308 | D:1      | Learned a level 2 spell: Poisonous Vapours
   731 | D:1      | Reached XP level 3. HP: 13/26 MP: 4/7
   968 | D:1      | Found a faded altar of an unknown god.
  1415 | D:2      | Found Jalah's Weapon Shoppe.
  1565 | D:2      | Reached skill level 4 in Poison Magic
  1858 | D:3      | Reached XP level 4. HP: 33/33 MP: 5/8
  1944 | D:3      | Found a runed translucent gate.
  1944 | D:3      | Found a runed translucent gate.
  1944 | D:3      | Found a runed translucent gate.
  2336 | D:3      | Noticed Phlounder's ghost (amateur DjIE)
  2576 | D:3      | Reached skill level 1 in Fighting
  3021 | D:4      | Reached XP level 5. HP: 25/40 MP: 0/10
  3022 | D:4      | HP: 1/40 [orc priest/+0 flail (5)]
  3023 | D:4      | Mangled by an orc priest

Illustrated notes

Levels and vault maps discovered:
D:1:      lemuel_arrival_room, layout_basic,
          shapermc_ecumenical_altar_acropolis, minmay_small_reverse_x
D:2:      layout_basic, serial_shops, nicolae_shop_getting_attention
D:3:      wander_river, layout_loops_ring, gammafunk_ghost_icy, st_stairs_13
D:4:      layout_cave_pods, uniq_menkaure, uniq_eustachio

Skill      XL: |  1  2  3  4 |
---------------+-------------+-----
Spellcasting   | 3 |  3.4
Poison Magic   | 4 |  4.3
Stealth        | 2 |  2.0
Fighting       | 1 |  1.3
Dodging        | |  1.7
Transmutations | |  1.7

Action                     |  1- 3 |  4- 6 || total
---------------------------+-------+-------++-------
  Melee: Club              |    25 |       ||    25
         Tailslap          |     2 |     2 ||     4
         Staff             |    14 |    21 ||    35
   Cast: Sting             |    77 |    41 ||   118
         Poisonous Vapours |     5 |     9 ||    14
    Use: Potion            |     1 |       ||     1
   Stab: Sleeping          |     1 |     1 ||     2
 Armour: Skin              |    41 |    15 ||    56
  Dodge: Dodged            |    49 |    17 ||    66

Table legend: (Time is in decaauts)
 A = Elapsed time spent in this place.
 B = Non-inter-level travel time spent in this place.
 C = Inter-level travel time spent in this place.
 D = Time resting spent in this place.
 E = Time spent auto-exploring this place.
 F = Levels seen in this place.
 G = Mean time per level.
                   A        B        C        D        E       F      G
               +--------+--------+--------+--------+--------+-----+--------+
         Total |   3050 |   2923 |    127 |    880 |   1498 |   4 |  762.5 |
       Dungeon |   3050 |   2923 |    127 |    880 |   1498 |   4 |  762.5 |
               +--------+--------+--------+--------+--------+-----+--------+

Top non-repeatable levels by time:
     D:1: 1388 daAuts
     D:3: 1042 daAuts
     D:2: 474 daAuts
     D:4: 144 daAuts
